Cogmind - Beta 9.3 @@@ ROGUE MODE // 2020.01.04 @ 09:56:53 // Winter2019/RPGLIKE Player: FontPeg Result: Destroyed by P-60 Hacker with Shock Rifle Performance ------------- Evolutions (3) 1500 Regions Visited (6) 1200 Robots Destroyed (7) 35 Value Destroyed (71) 71 Prototype IDs (3) 60 Alien Tech Used (0) 0 Bonus (-136) -136 TOTAL SCORE: 2730 Bonus ------- Pacifist 200 Friendly Fire -336 Cogmind --------- Core Integrity 0/1000 Matter 300/300 Energy 125/125 System Corruption 3% Temperature Cool (6) Movement Core (50) Location -7/Factory Parts ------- > --- POWER (1) -------- Light Ion Engine > --- PROPULSION (2) --- Gravmag System Gravmag System > --- UTILITY (3) ------ Advanced Sensor Array Advanced Signal Interpreter Improved Power Shielding > --- WEAPON (2) ------- Particle Cannon Gauss Cannon > --- INVENTORY (3) ---- Advanced Signal Interpreter Heavy Beamcaster Heavy Battle Rifle Peak State ------------ > --- POWER ------------ Antimatter Reactor > --- PROPULSION ------- Improved Hover Unit Improved Hover Unit > --- UTILITY ---------- Advanced Sensor Array Advanced Signal Interpreter Improved Power Shielding > --- WEAPON ----------- Particle Cannon Gauss Cannon > --- INVENTORY -------- Improved Sensor Array EM Pulse Cannon Remote Datajack [Rating: 26] Favorites ----------- Power Light Ion Engine Engine Light Ion Engine Reactor Antimatter Reactor Propulsion Improved Hover Unit Treads Light Treads Hover Unit Improved Hover Unit Utility Advanced Sensor Array Device Advanced Sensor Array Processor Advanced Signal Interpreter Protection Improved Power Shielding Weapon Particle Cannon Energy Gun Electrolaser Energy Cannon Particle Cannon Ballistic Gun Light Assault Rifle Ballistic Cannon Gauss Cannon Special Weapon Mining Laser Build | -11 -10 -9 -8 -7 -7 -7 ------- Run | Scr Mat Mat Mat Fac Was Fac Slots Evolved 4 | 3 . . 1 . . . Power . | . . . . . . . Propulsion 1 | 1 . . . . . . Utility 2 | 1 . . 1 . . . Weapon 1 | 1 . . . . . . Parts Attached 26 | 5 5 1 5 6 2 2 Power 3 | 1 . . . . 2 . Engine 2 | 1 . . . . 1 . Core . | . . . . . . . Reactor 1 | . . . . . 1 . Propulsion 6 | 2 . . 2 . . 2 Treads 2 | 2 . . . . . . Leg . | . . . . . . . Wheel . | . . . . . . . Hover 4 | . . . 2 . . 2 Flight . | . . . . . . . Utility 7 | . 3 1 . 3 . . Device 3 | . 1 1 . 1 . . Storage . | . . . . . . . Processor 2 | . 1 . . 1 . . Hackware . | . . . . . . . Protection 2 | . 1 . . 1 . . Artifact . | . . . . . . . Weapon 10 | 2 2 . 3 3 . . Energy Gun 2 | . 1 . 1 . . . Energy Cannon 1 | . . . . 1 . . Ballistic Gun 4 | 2 . . 1 1 . . Ballistic Cannon 1 | . . . . 1 . . Launcher . | . . . . . . . Special Weapon 2 | . 1 . 1 . . . Impact Weapon . | . . . . . . . Slashing Weapon . | . . . . . . . Piercing Weapon . | . . . . . . . Special Melee Weapon . | . . . . . . . Unidentified Prototypes 1 | . . . 1 . . . Parts Lost 2 | . . . 1 . . 1 Power . | . . . . . . . Propulsion 1 | . . . . . . 1 Utility . | . . . . . . . Weapon 1 | . . . 1 . . . Highest Loss Streak 1 | . . . 1 . . 1 Average Slot Usage (%) 94 | . 93 100 82 92 100 99 Engine 12 | . 14 14 12 12 11 12 Treads 8 | . 28 28 6 . . . Hover 17 | . . . 18 25 25 24 Device 12 | . 12 14 12 12 12 12 Processor 10 | . 2 14 12 12 12 12 Protection 7 | . 7 . . 8 12 12 Energy Gun 3 | . . 14 12 4 . . Energy Cannon 6 | . . . . 8 12 12 Ballistic Gun 4 | . 18 . . 7 . . Ballistic Cannon 5 | . . . . 2 12 12 Special Weapon 3 | . 9 14 6 . . . Naked Turns . | . . . . . . . Heaviest Build 30 | 5 9 7 8 17 30 17 Greatest Support 40 | 40 23 23 36 36 36 39 Greatest Overweight (x) 1 | . . . . . 1 . Average Overweight (x) . | . . . . . . . Largest Inventory Capacity 3 | . . 3 3 3 3 3 Average Capacity 2 | . . 2 3 3 3 3 Most Carried 3 | . . 2 3 3 3 3 Average Carried 2 | . . . 2 2 2 2 Final Capacity 3 | . . 3 3 3 3 3 Final Carried 3 | . . 2 3 3 3 3 Class Distribution -------------------- 100% | Mutant Dominant Class ---------------- Mutant | -10/Materials Mutant | -9/Materials Mutant | -8/Materials Mutant | -7/Factory Mutant | -7/Waste Mutant | -7/Factory Resources | -11 -10 -9 -8 -7 -7 -7 ----------- Run | Scr Mat Mat Mat Fac Was Fac Matter Collected 554 | 250 10 30 69 44 94 57 Remotely . | . . . . . . . Salvage Created 476 | . . 10 12 52 306 96 Parts 20 | . . 3 2 4 3 8 Haulers Intercepted . | . . . . . . . Recyclers Shooed . | . . . . . . . Parts Field Recycled . | . . . . . . . Retrieved Matter . | . . . . . . . Parts Self-Destructed . | . . . . . . . Prevented . | . . . . . . . Kills | -11 -10 -9 -8 -7 -7 -7 ------- Run | Scr Mat Mat Mat Fac Was Fac Combat Hostiles Destroyed 1 | . . . . . . 1 Cannons 1 | . . . . . . 1 Classes Destroyed 3 | . . 1 . 1 . 1 Worker 5 | . . 1 1 . . 3 Recycler 1 | . . . . 1 . . Programmer 1 | . . . . . . 1 Best Kill Streak 2 | . . 1 1 1 . 2 Combat Bots Only 1 | . . . . . . 1 Max Kills in Single Turn 1 | . . 1 1 1 . 1 Gunslinging . | . . . . . . . Exploded . | . . . . . . . Melee . | . . . . . . . Uniques/NPCs Destroyed . | . . . . . . . Combat | -11 -10 -9 -8 -7 -7 -7 -------- Run | Scr Mat Mat Mat Fac Was Fac Damage Taken 1519 | . 289 60 715 77 . 378 Core 1187 | . 224 50 590 60 . 263 Absorbed by Shields . | . . . . . . . Redirected to Core 957 | . 214 36 422 60 . 225 Core Remaining (%) 62 | 100 72 65 13 . . . Volleys Fired 48 | . 24 2 2 6 9 5 Largest 2 | . 1 2 2 2 2 2 Hottest 163 | . 100 150 163 96 116 116 Shots Fired 70 | . 24 4 4 10 18 10 Gun 10 | . . 2 2 6 . . Cannon 32 | . . . . 4 18 10 Launcher . | . . . . . . . Special 28 | . 24 2 2 . . . Kinetic 18 | . . . . 4 9 5 Thermal 52 | . 24 4 4 6 9 5 Explosive . | . . . . . . . Electromagnetic . | . . . . . . . Robot Hit Streak 12 | . . 3 6 7 4 12 Robot Miss Streak 2 | . 2 . . 1 2 . Penetration Max . | . . . . . . . Secondary Targets . | . . . . . . . Shots Hit Robots 27 | . . 3 3 4 9 8 Core Hits 14 | . . 1 1 2 5 5 Critical Hits 3 | . . . . . 2 1 Critical Kills 3 | . . . . . 2 1 Critical Parts Destroyed . | . . . . . . . Melee Attacks . | . . . . . . . Impact . | . . . . . . . Slashing . | . . . . . . . Piercing . | . . . . . . . Sneak Attacks . | . . . . . . . Combat Hostiles . | . . . . . . . Follow-up Attacks . | . . . . . . . Damage Inflicted 740 | . . 50 65 58 336 231 Guns 78 | . . 26 36 16 . . Cannons 581 | . . . . 42 336 203 Explosions . | . . . . . . . Melee . | . . . . . . . Ramming 33 | . . . 5 . . 28 Kinetic 328 | . . . . . 233 95 Thermal 379 | . . 50 60 58 103 108 Explosive . | . . . . . . . Electromagnetic . | . . . . . . . Impact . | . . . . . . . Slashing . | . . . . . . . Piercing . | . . . . . . . Highest Corruption 5 | . 5 . . . . 3 Average Corruption 2 | . 3 . . . . 1 Corruption Purged . | . . . . . . . Effects 6 | . 3 . . . . 3 Message Errors 2 | . 2 . . . . . Matter Fused 1 | . 1 . . . . . Energy Discharges 2 | . . . . . . 2 Targeting Errors 1 | . . . . . . 1 Overload Shots . | . . . . . . . Overflow Damage 8 | . . . . . . 8 Projectiles 8 | . . . . . . 8 Explosions . | . . . . . . . Melee . | . . . . . . . Knockbacks 3 | . . . . . 2 1 Impact . | . . . . . . . Kinetic 3 | . . . . . 2 1 Secondary . | . . . . . . . Self-Inflicted Damage 15 | . . . 2 . . 13 Shots . | . . . . . . . Rammed 4 | . . . 1 . . 3 Targets Rammed 4 | . . . 1 . . 3 Kicked . | . . . . . . . Crushed . | . . . . . . . Highest Temperature 22 | . 15 22 13 . . 6 Average Temperature 9 | . 7 14 7 . . 6 Received Heat Transfer 528 | . 126 18 333 18 . 33 Siege Activations . | . . . . . . . Robots Corrupted . | . . . . . . . Combat Hostiles . | . . . . . . . Parts Fried . | . . . . . . . Impact Corruptions . | . . . . . . . Robots Melted . | . . . . . . . Combat Hostiles . | . . . . . . . Parts Melted . | . . . . . . . Heat Transferred 729 | . . 124 124 111 185 185 Parts Sabotaged . | . . . . . . . Parts Stolen . | . . . . . . . Parts Stripped . | . . . . . . . Power Chain Reactions . | . . . . . . . Missiles Intercepted . | . . . . . . . Alert | -11 -10 -9 -8 -7 -7 -7 ------- Run | Scr Mat Mat Mat Fac Was Fac Peak Influence 202 | . 24 73 91 87 30 202 Average Influence 44 | . 8 54 32 44 30 106 Maximum Alert Level 1 | . . . . . . 1 Low Security (%) 99 | 100 100 100 100 100 100 97 Level 1 . | . . . . . . 2 Level 2 . | . . . . . . . Level 3 . | . . . . . . . Level 4 . | . . . . . . . Level 5 . | . . . . . . . High Security . | . . . . . . . Max Security . | . . . . . . . Squads Dispatched 9 | . . 2 2 1 . 4 Investigation 6 | . . 1 2 . . 3 Extermination 1 | . . . . . . 1 Reinforcement 2 | . . 1 . 1 . . Assault . | . . . . . . . Garrison . | . . . . . . . Intercept . | . . . . . . . Construction Impeded . | . . . . . . . Haulers Reinforced . | . . . . . . . Stealth | -11 -10 -9 -8 -7 -7 -7 --------- Run | Scr Mat Mat Mat Fac Was Fac Distress Signals 1 | . . . 1 . . . Communications Jammed . | . . . . . . . Distress Signals . | . . . . . . . Times Spotted 64 | . 8 5 28 10 . 13 Peak Tracking Total 15 | . 7 6 15 5 . 9 Tactical Retreats 9 | . 1 1 4 1 . 2 Traps | -11 -10 -9 -8 -7 -7 -7 ------- Run | Scr Mat Mat Mat Fac Was Fac Traps Triggered 7 | . 3 . . 2 . 2 Indirectly . | . . . . . . . Trap Hack Attempts . | . . . . . . . Triggered . | . . . . . . . Disarmed . | . . . . . . . Reprogrammed . | . . . . . . . Reused . | . . . . . . . Traps Extracted . | . . . . . . . Installed . | . . . . . . . Triggered . | . . . . . . . Machines | -11 -10 -9 -8 -7 -7 -7 ---------- Run | Scr Mat Mat Mat Fac Was Fac Machines Disabled . | . . . . . . . Max in Single Turn . | . . . . . . . Machines Sabotaged . | . . . . . . . Garrisons Compromised . | . . . . . . . Overloaded Fab Kills . | . . . . . . . Fab Network Shutdowns . | . . . . . . . Hacking | -11 -10 -9 -8 -7 -7 -7 --------- Run | Scr Mat Mat Mat Fac Was Fac Machines Accessed 15 | . 4 2 6 . . 3 Terminals 13 | . 4 2 6 . . 1 Fabricators 2 | . . . . . . 2 Repair Stations . | . . . . . . . Recycling Units . | . . . . . . . Scanalyzers . | . . . . . . . Garrison Access . | . . . . . . . Total Hacks 59 | . 19 8 27 . . 5 Successful 38 | . 11 6 18 . . 3 Failed 21 | . 8 2 9 . . 2 Catastrophic 1 | . . . . . . 1 Database Lockouts . | . . . . . . . Manual 38 | . 19 7 11 . . 1 Terminals 56 | . 19 8 27 . . 2 Fabricators 3 | . . . . . . 3 Repair Stations . | . . . . . . . Recycling Units . | . . . . . . . Scanalyzers . | . . . . . . . Garrison Access . | . . . . . . . Terminal Hacks 9 | . . 1 8 . . . Robot Analysis 2 | . . 1 1 . . . Prototype ID Bank 1 | . . . 1 . . . Alert Level 1 | . . . 1 . . . Unreport Threat 3 | . . . 3 . . . Security Status 1 | . . . 1 . . . Recall Assault 1 | . . . 1 . . . Fabricator Hacks 2 | . . . . . . 2 Network Status 1 | . . . . . . 1 Build 1 | . . . . . . 1 Repair Station Hacks . | . . . . . . . Recycling Unit Hacks . | . . . . . . . Scanalyzer . | . . . . . . . Garrison Access Hacks . | . . . . . . . Unauthorized Hacks 65 | . 30 12 21 . . 2 Terminals 26 | . 11 5 10 . . . Track 10 | . 4 2 4 . . . Assimilate 2 | . 2 . . . . . Botnet 12 | . 4 2 6 . . . Detonate 2 | . 1 1 . . . . Fabricators 1 | . . . . . . 1 Overload 1 | . . . . . . 1 Repair Stations . | . . . . . . . Recycling Units . | . . . . . . . Scanalyzers . | . . . . . . . Garrison Access . | . . . . . . . Data Cores Recovered . | . . . . . . . Used . | . . . . . . . Hacking Detections 12 | . 4 2 5 . . 1 Full Trace Events 4 | . . 1 2 . . 1 Feedback Events 1 | . . . . . . 1 Corruption 1 | . . . . . . 1 Feedback Blocked . | . . . . . . . Robot Schematics Acquired . | . . . . . . . Robots Built . | . . . . . . . Matter . | . . . . . . . Time . | . . . . . . . Total Robot Build Rating . | . . . . . . . Part Schematics Acquired . | . . . . . . . Parts Built 2 | . . . . . . 2 Matter 212 | . . . . . . 212 Time 106 | . . . . . . 106 Total Part Build Rating 12 | . . . . . . 12 Parts Repaired . | . . . . . . . Time . | . . . . . . . Parts Recycled . | . . . . . . . Recycled Matter . | . . . . . . . Retrieved Matter . | . . . . . . . Retrieved Components . | . . . . . . . Parts Scanalyzed . | . . . . . . . Part Schematics Acquired . | . . . . . . . Parts Damaged . | . . . . . . . Bothacking | -11 -10 -9 -8 -7 -7 -7 ------------ Run | Scr Mat Mat Mat Fac Was Fac Used RIF Installer . | . . . . . . . Robots Hacked . | . . . . . . . Non-combat . | . . . . . . . Combat . | . . . . . . . Robot Hacks Applied . | . . . . . . . Relay Couplers Released . | . . . . . . . Robots Rewired . | . . . . . . . Allies Hacked . | . . . . . . . Hacks Repelled . | . . . . . . . Allies | -11 -10 -9 -8 -7 -7 -7 -------- Run | Scr Mat Mat Mat Fac Was Fac Total Allies . | . . . . . . . Largest Group . | . . . . . . . Highest-Rated Group . | . . . . . . . Highest-Rated Ally . | . . . . . . . Total Orders . | . . . . . . . Ally Attacks . | . . . . . . . Total Damage . | . . . . . . . Kills . | . . . . . . . Allies Corrupted . | . . . . . . . Allies Melted . | . . . . . . . Intel | -11 -10 -9 -8 -7 -7 -7 ------- Run | Scr Mat Mat Mat Fac Was Fac Robot Analysis Total 2 | . . 1 1 . . . Derelict Logs Recovered . | . . . . . . . Drone Launches . | . . . . . . . Drone Recoveries . | . . . . . . . Exploration | -11 -10 -9 -8 -7 -7 -7 ------------- Run | Scr Mat Mat Mat Fac Was Fac Turns Passed 1621 | 35 311 81 273 304 300 317 Spaces Moved 2542 | 38 411 124 455 493 491 530 Core 1664 | 31 411 124 109 . 465 524 Treads 7 | 7 . . . . . . Legs . | . . . . . . . Wheels . | . . . . . . . Hover 871 | . . . 346 493 26 6 Flight . | . . . . . . . Fastest Speed 50 | 50 50 50 50 56 50 50 Average Speed 52 | 70 50 50 54 56 50 50 Slowest Speed 160 | 160 50 50 60 56 100 56 Overloaded Moves . | . . . . . . . Propulsion Burnouts . | . . . . . . . Robots Hopped . | . . . . . . . Cave-ins Triggered . | . . . . . . . Exploration Rate (%) 36 | 3 55 21 44 15 96 18 Regions Visited 6 Branch Regions . Pre-discovered Areas . | . . . . . . . Known Exits Taken 3 | . 1 1 1 . . . Unknown Exits Taken 1 | 1 . . . . . . Scrap Searched . | . . . . . . . Spaces Dug 21 | . 21 . . . . . Terrain Destroyed 23 | . 23 . . . . . Melee . | . . . . . . . Projectile 23 | . 23 . . . . . AOE . | . . . . . . . Actions | -11 -10 -9 -8 -7 -7 -7 --------- Run | Scr Mat Mat Mat Fac Was Fac Total 2696 | 43 442 134 471 509 525 572 Wait 47 | 1 . 4 3 . 10 29 Move 2537 | 37 410 123 454 493 490 530 Hop . | . . . . . . . Pick Up 8 | . . 3 1 1 2 1 Fast Attach 21 | 5 5 . 4 4 2 1 Attach . | . . . . . . . Detach . | . . . . . . . Swap 5 | . . 1 1 2 . 1 Drop 18 | . 3 1 5 3 4 2 Fire 48 | . 24 2 2 6 9 5 Melee . | . . . . . . . Ram 4 | . . . 1 . . 3 Kick . | . . . . . . . Crush . | . . . . . . . Escape Stasis . | . . . . . . . Rewire . | . . . . . . . Trap . | . . . . . . . Miscellaneous 8 | . . . . . 8 . Route ------- -11/Scrapyard -10/Materials (discovered 2 exits: *Mat / [*Min]) -9/Materials -8/Materials -7/Factory -7/Waste -7/Factory (discovered 1 exit: [*Fac]) History --------- Turn | Location | Event 1 | -11/Scrapyard | Upgraded with Propulsion slot (x1) 1 | -11/Scrapyard | Upgraded with Utility slot (x1) 1 | -11/Scrapyard | Upgraded with Weapon slot (x1) 2 | -11/Scrapyard | Met Revision 17 5 | -11/Scrapyard | Discovered new exit (range 17) 36 | -11/Scrapyard | Entered Materials 59 | -10/Materials | Discovered new exit (range 11) 315 | -10/Materials | Build established: Mutant 342 | -10/Materials | Discovered new exit (range 10) 346 | -10/Materials | Identified exit to Materials 347 | -10/Materials | Entered another Materials area 349 | -9/Materials | Reached level 2 420 | -9/Materials | Discovered new exit (range 16) 427 | -9/Materials | Identified exit to Materials 428 | -9/Materials | Entered another Materials area 430 | -8/Materials | Reached level 3 440 | -8/Materials | Upgraded with Utility slot (x1) 578 | -8/Materials | Core integrity fell below 50% 692 | -8/Materials | Discovered new exit (range 17) 697 | -8/Materials | Core integrity fell below 20% 700 | -8/Materials | Identified exit to Factory 701 | -8/Materials | Entered Factory 702 | -7/Factory | Core integrity fell below 50% 702 | -7/Factory | Core integrity fell below 20% 703 | -7/Factory | Reached level 4 1005 | -7/Factory | Sucked down chute 1005 | -7/Factory | Entered Waste 1005 | -7/Waste | The area was eerily silent 1082 | -7/Waste | Discovered new exit (range 14) 1303 | -7/Waste | Identified exit to Factory 1305 | -7/Waste | Entered Factory 1552 | -7/Factory | Fabricated Field Propulsion Drive? 1582 | -7/Factory | Discovered new exit (range 11) 1622 | -7/Factory | Destroyed by P-60 Hacker with Shock Rifle Last Messages --------------- 01536_ P-60 Hacker suffers critical hit. 01536_ P-60 Hacker destroyed. 01539_ Acquired 22 matter. 01540_ K-01 Serf collects debris. 01540_ R-06 Scavenger collects Shock Rifle. 01540_ K-01 Serf destroyed. 01543_ R-06 Scavenger collects Shock Rifle. 01544_ K-01 Serf cleans the Subcomponent Replicator. 01544_ Acquired 6 matter. 01546_ R-06 Scavenger collects Imp. Heat Sink. 01548_ Dropped Imp. Hover Unit. 01549_ R-06 Scavenger collects Imp. Hover Unit. 01552_ >> FABRICATOR: Completed Field Propulsion Drive? 01555_ ALERT: Rogue bot located, Programmers report to Factory Zone 5J. 01559_ K-01 Serf collects debris. 01565_ Acquired 10 matter. 01566_ K-01 Serf collects debris. 01566_ Slammed into K-01 Serf. 01567_ Slammed into R-06 Scavenger. 01582_ EXIT=FOUND Map ----- +----------------------------------------------------+ | #????????? ??????????????????????? | | #?????????####### ???????????????????????? | | #???????????????? ???????????????????????? | | #?????????????????? ????????????????????????? | | #???????????????????????????????????????????? | | ####????????????????? ??????????????????????? | | ????????????????????? #?????????????????????? | | ????????????????????u #?????????????????????? | | ????????????????????? #?????????????????????? | | ?????????????????##?? #?????????????????????? | | ???????????????? ? #?????????????????????? | | ????????????????? #?????????????????????? | | ??????????????"?""" """ #?????????????????????? | | ??????????????" """ """ #?????????????????????? | | ?????????????"" """ """ #?????????????????????? | | ????????????? #?????????????????????? | | ????????????""" """ ]]#???###+###???????????? | | ??????????" """ """ ]!##### #???????????? | | ??????? """ """ """ ####????????? | | #????? <* +?????? | | #????? #???????????? | | #???????????# r ##### #???????????? | | #????????########### #######+###???????????? | | #????????# !# # Y #???????????? | | ###??????# ! # # !! #???????????? | | #??????# p/ @ !! +???????????? | | #??????# # # #???????????? | | #??????# ??????# # ! """#???????????? | | #??????? ??????# # T"#???????????? | | #??????? ??r???# # """#???????????? | | #??????? ??????# # #???????????? | | #???????#+#??????# ###########???????????? | | #???????# #??????# #?????????????????????? | | #???????# #??????# #?????????????????????? | | ######### ######## #?????????????????????? | | + % #?????????????????????? | | #########k##########+###?????????????????????? | | ###???????#%#???????? ???????????????????????? | | ??????????#%#???????? ???????????????????????? | | ###########"##??????"""" ??????????????????????? | | # % #?????? ??????????????????????? | | # """"""" #?????""""" ?????????????????????? | | # """"""" #????? ?????????????????????? | | # """"""" #????"""""" ????????????????????? | | # """"""" #???? ????????????????????? | | # #???????#######???????????????????? | | # """ #?????????????????????????????????? | | # """"" #?????????????????????????????????? | | # """"" #?????????????????????????????????? | | # #?????????????????????????????????? | +----------------------------------------------------+ Best States ------------- Heat Dissipation 55 Energy Generation 21 Energy Capacity 325 Matter Stores 300 Matter Capacity 300 Sight Range 17 Robot Scan Range 20 Terrain Scan Density 10 Armor Coverage 150 Resistance: KI 10 Resistance: TH 10 Resistance: EX 10 Power Shielding 66 Evasion (%) 53 Recoil Reduction 1 Item Schematics ----------------- None Robot Schematics ------------------ None Fabricated ------------ Field Propulsion Drive | x2 | -7/Factory | Preloaded Alien Tech Used ----------------- None Achievements -------------- None Challenges ------------ None RPGLIKE | -11 -10 -9 -8 -7 -7 -7 --------- Run | Scr Mat Mat Mat Fac Was Fac Levels Raised 3 | . . 1 1 1 . . XP Earned 8305 | 3000 100 1535 1570 1500 200 400 XP Spent 7305 | 2970 . 1500 1485 1350 . . Upgrades 33 | 15 . 3 9 6 . . Propulsion Slot 1 | 1 . . . . . . Utility Slot 2 | 1 . . 1 . . . Weapon Slot 1 | 1 . . . . . . Core Integrity 8 | 4 . . 4 . . . Heat Dissipation 5 | 3 . . 2 . . . Mass Support 4 | 4 . . . . . . Inventory Capacity 3 | . . 3 . . . . Sight Range 1 | 1 . . . . . . Sensor Range 2 | . . . 2 . . . KI Resistance % 2 | . . . . 2 . . TH Resistance % 2 | . . . . 2 . . EX Resistance % 2 | . . . . 2 . . Protomatter Created 62 | . . . . . 62 . Integrity Restored 186 | . . . . . 186 . Core 186 | . . . . . 186 . Protomatter Decayed 293 | . . . . . 293 . Game ------ Seed OverloadAdvancedDissipator Manual? 0 Play Time 00:32:24 Cumulative 39.8 hours Start 2020.01.04 @ 09:28:31 End 2020.01.04 @ 09:56:53 Sessions 1 Manual Loads 0 Difficulty Rogue Special Mode Winter2019/RPGLIKE Game No. 60 Rogue 60 Adventurer 0 Explorer 0 Win Type - Total 0 Types 0/0/0/0/0/0/0 Lore% 25 Gallery% 37 Achievement% 26 Wizard Run 0 Options --------- ASCII 0 Keyboard 0 Movement Mouse Keybinds 0 Fullscreen 1 Font 18/X11 Map View 76x50 Tactical HUD 1 Map Filters NONE Filters NONE Steam 1 RUN: c57b45ff-62a7-42c9-9a21-7fc3a1ec80ba